 Dungeon Crawl Stone Soup version 0.17-a0-870-gcb215c1 (webtiles) character file.

3896 FedoraBrony69 the Basher (level 10, -11/141 HPs)
             Began as a Minotaur Berserker on Apr 29, 2015.
             Was an Elder of Trog.
             Killed from afar by Erica (38 damage)
             ... with an orb of energy
             ... on level 8 of the Dungeon.
             The game lasted 00:10:24 (5984 turns).

FedoraBrony69 the Basher (Minotaur Berserker)       Turns: 5984, Time: 00:10:24

Health: -11/141    AC: 12    Str: 29    XL:     10   Next: 0%
Magic:  9/9        EV: 13    Int:  4    God:    Trog [****..]
Gold:   457        SH:  0    Dex: 11    Spells: 0 memorised, 9 levels left

rFire  + . .     SeeInvis .     J - +2 whip (flame)
rCold  . . .     Clarity  .     N - -1 chain mail (curse)
rNeg   . . .     SustAb   .     (no shield)
rPois  .         Gourm    .     (helmet restricted)
rElec  .         Spirit   .     g - +0 cloak
rCorr  .         Warding  .     (no gloves)
rMut   .         Stasis   .     (no boots)
MR     ++...                    (no amulet)
Stlth  ..........               I - ring of protection from fire
                                y - +3 ring of evasion

@: berserking, lethally poisoned (-11 -> -12), regenerating, very quick, very
resistant to hostile enchantments, extremely unstealthy
A: retaliatory headbutt, horns 2
a: Burn Spellbooks, Berserk, Trog's Hand, Brothers in Arms, Renounce Religion


You were on level 8 of the Dungeon.
You worshipped Trog.
Trog was greatly pleased with you.
You were very hungry.

You visited 2 branches of the dungeon, and saw 9 of its levels.

You collected 457 gold pieces.

Inventory:

Hand weapons
 a - a +0 mace
 J - a +2 whip of flaming (weapon)
Armour
 g - a +0 cloak (worn)
 v - a +2 pair of boots (quivered)
 C - a +0 chain mail
 N - a cursed -1 chain mail (worn)
 O - a +0 plate armour
Jewellery
 y - a +3 ring of evasion (left hand)
 I - a ring of protection from fire (right hand)
 Q - an uncursed ring of positive energy {unknown}
Magical devices
 P - a wand of random effects (35)
Scrolls
 b - 4 scrolls of teleportation {unknown}
 e - 2 scrolls of blinking {unknown}
 f - 3 scrolls of remove curse
 h - 3 scrolls of noise {unknown}
 j - a scroll of random uselessness {unknown}
 l - 2 scrolls of enchant armour {unknown}
 n - 6 scrolls of identify {unknown}
 w - a scroll of magic mapping {unknown}
 x - 2 scrolls of fog
 B - 4 scrolls of enchant weapon {unknown}
 K - a scroll of amnesia {unknown}
Potions
 i - 3 potions of brilliance {unknown}
 k - a potion of degeneration {unknown}
 m - 3 potions of curing {unknown}
 p - a potion of magic {unknown}
 q - 4 potions of agility {unknown}
 r - a potion of poison {unknown}
 t - a potion of cancellation {unknown}
 z - a potion of lignification {unknown}
 A - a potion of beneficial mutation {unknown}
 D - a potion of berserk rage {unknown}
 E - 3 potions of heal wounds {unknown}
 G - a potion of resistance {unknown}
 H - a potion of ambrosia {unknown}
Books
 F - a book of Alchemy

   Spells                             Type                      Level
   a - Sublimation of Blood           Necromancy                   2
   b - Alistair's Intoxication        Transmutation/Poison         4
   c - Condensation Shield            Ice                          4
   d - Petrify                        Transmutation/Earth          4
   e - Ignite Poison                  Fire/Transmutation/Poison    3
   f - Irradiate                      Conjuration/Transmutation    5
   Trog disapproves of the use of such an item.
 L - a book of Maledictions

   Spells                             Type                      Level
   a - Corona                         Hexes                        1
   b - Ensorcelled Hibernation        Hexes/Ice                    2
   c - Confuse                        Hexes                        3
   d - Tukima's Dance                 Hexes                        3
   e - Dazzling Spray                 Conjuration/Hexes            3
   Trog disapproves of the use of such an item.
Comestibles
 c - 6 bread rations
 d - 2 fruits
 o - 3 slices of pizza
 s - 2 meat rations
 u - 4 beef jerkies


   Skills:
 + Level 10.6 Fighting
 + Level 10.7 Maces & Flails
 * Level 10.0 Armour
 - Level 2.1 Dodging


You had 9 spell levels left.
You didn't know any spells.

Dungeon Overview and Level Annotations

Branches:
Dungeon (8/15)             Temple (1/1) D:7            Lair (0/8) D:8

Altars:
Ashenzari
Cheibriados
Elyvilon
Fedhas
Gozag
Makhleb
Okawaru
Qazlal
Ru
Trog
Vehumet
Xom
Yredelemnul
Zin
The Shining One

Annotations:
D:8 Erica


Innate Abilities, Weirdness & Mutations

You reflexively headbutt those who attack you in melee.
You have a pair of horns on your head.


Message History

Your Armour skill increases to level 10!
You have reached level 10!
You whack something! You burn something. Your headbutt misses something.
You miss something.
You feel sick.
You closely miss something. Your headbutt misses something. Something hits you.
* * * LOW HITPOINT WARNING * * *
You miss something.
You feel sick.
You miss something. You headbutt something!! You whack something!
You burn something. Something hits you.
* * * LOW HITPOINT WARNING * * *
Something burns you.
* * * LOW HITPOINT WARNING * * *
Your chain mail prevents you from hitting something.
You headbutt something.
You feel sick.
Your chain mail prevents you from hitting something.
You completely miss something. Your headbutt misses something.
You hear some strange, mumbled words.
An orb of energy appears from out of thin air!
The orb of energy hits you!
You die...

≈.≈..≈.# #.# ≈≈.≈....# #.#
% ≈.≈.≈≈≈.# #(# _#
≈≈≈≈≈..y## #.# #####
≈≈≈≈≈....# #.##########.#.
.≈.≈≈≈;h.###†.h{r....##(.
...≈≈≈.hoh!o..oyh# #.##.#
>.≈.≈≈hh.#######{###<##.##
....≈≈≈≈.# ##..@........#
...≈≈≈...# #....##..##..#
..≈≈≈...##......##.###..#
≈≈≈....##.#....##.# #..###
≈≈....## ##.#.##.# #....#
≈...# ###.##.###.##.# .
#.##.#......#
..##.#......#
####.#......#


You could see 2 hounds, a killer bee and a rat.

Vanquished Creatures
  Pikel (D:6)
  Grinder (D:4)
  A two-headed ogre (D:8)
  Prince Ribbit (D:6)
  Grum (D:8)
  6 wolves (D:8)
  3 orc warriors
  A necrophage (D:7)
  An ogre (D:4)
  2 phantoms
  A black bear (D:6)
  5 giant frogs
  A big kobold (D:7)
  2 killer bees (D:8)
  A centaur zombie (D:7)
  2 hounds
  A jelly (D:5)
  7 orc priests
  Terence (D:2)
  2 iguanas
  2 orc wizards
  6 worker ants
  A hound skeleton (D:4)
  6 gnolls
  5 adders
  A shadow imp (D:7)
  An ooze (D:1)
  2 worms
  An adder skeleton (D:5)
  3 giant geckos
  18 orcs
  A bat zombie (D:5)
  8 goblins
  14 hobgoblins
  A quokka (D:6)
  A ball python (D:2)
  7 bats
  A giant cockroach (D:4)
  A giant cockroach zombie (D:6)
  A giant gecko skeleton (D:4)
  2 giant newts
  16 kobolds
  8 rats
148 creatures vanquished.

Vanquished Creatures (others)
  A hobgoblin (D:6)
1 creature vanquished.

Grand Total: 149 creatures vanquished

Notes
Turn   | Place    | Note
--------------------------------------------------------------
     0 | D:1      | FedoraBrony69, the Minotaur Berserker, began the quest for the Orb.
     0 | D:1      | Reached XP level 1. HP: 19/19 MP: 0/0
   235 | D:1      | Reached skill level 4 in Fighting
   235 | D:1      | Reached XP level 2. HP: 21/27 MP: 1/1
   472 | D:2      | Reached XP level 3. HP: 12/33 MP: 2/2
   729 | D:2      | Noticed Terence
   738 | D:2      | Killed Terence
  1140 | D:3      | Acquired Trog's second power
  1140 | D:3      | Reached skill level 5 in Maces & Flails
  1140 | D:3      | Reached XP level 4. HP: 15/41 MP: 3/3
  1385 | D:3      | Reached skill level 5 in Fighting
  2000 | D:3      | Found a sacrificial altar of Ru.
  2071 | D:3      | Reached XP level 5. HP: 19/48 MP: 4/4
  2589 | D:4      | Noticed Grinder
  2595 | D:4      | Paralysed by Grinder for 2 turns
  2598 | D:4      | Killed Grinder
  2598 | D:4      | Reached skill level 6 in Fighting
  2598 | D:4      | Reached XP level 6. HP: 58/58 MP: 5/5
  2668 | D:4      | Noticed an ogre
  2675 | D:4      | Killed an ogre
  2675 | D:4      | Reached skill level 7 in Fighting
  3122 | D:4      | Noticed a phantom
  3141 | D:4      | Killed a phantom
  3141 | D:4      | Reached XP level 7. HP: 50/66 MP: 6/6
  3375 | D:5      | Entered Level 5 of the Dungeon
  3438 | D:5      | Reached skill level 8 in Maces & Flails
  3881 | D:5      | Found a glowing silver altar of Zin.
  3882 | D:5      | Found an opulent altar of Gozag.
  3926 | D:6      | Noticed Prince Ribbit
  3933 | D:6      | Killed Prince Ribbit
  3933 | D:6      | Reached XP level 8. HP: 75/75 MP: 7/7
  4130 | D:6      | Found a blossoming altar of Fedhas.
  4307 | D:6      | Reached skill level 5 in Armour
  4344 | D:6      | Reached skill level 9 in Maces & Flails
  4505 | D:6      | Noticed Pikel
  4518 | D:6      | Killed Pikel
  4518 | D:6      | Reached XP level 9. HP: 84/84 MP: 8/8
  5187 | D:7      | Found a staircase to the Ecumenical Temple.
  5317 | D:7      | Acquired Trog's third power
  5385 | Temple   | Entered the Ecumenical Temple
  5649 | D:8      | Noticed Grum
  5659 | D:8      | Reached skill level 10 in Fighting
  5659 | D:8      | Reached skill level 10 in Maces & Flails
  5675 | D:8      | Killed Grum
  5912 | D:8      | Found a shattered altar of Ashenzari.
  5932 | D:8      | Noticed Erica
  5933 | D:8      | Found a staircase to the Lair.
  5975 | D:8      | Reached skill level 10 in Armour
  5975 | D:8      | Reached XP level 10. HP: 34/94 MP: 9/9
  5984 | D:8      | Killed from afar by Erica

Action                   |  1- 3 |  4- 6 |  7- 9 | 10-12 || total
-------------------------+-------+-------+-------+-------++-------
Melee: Mace              |    76 |    85 |   141 |       ||   302
       Whip              |       |       |   116 |     9 ||   125
Invok: Berserk           |       |     2 |     7 |       ||     9
       Trog's Hand       |       |       |     3 |       ||     3
  Use: Scroll            |       |     2 |       |       ||     2
  Eat: Chunk             |     1 |     8 |    15 |       ||    24
